 Dungeon Crawl Stone Soup version 0.21.0-25-ge575cb9 (webtiles) character file.

93 nikopol the Shield-Bearer (level 4, -1/29 HPs)
             Began as a Gargoyle Fighter on Jan 23, 2018.
             Slain by an ogre
             ... wielding a +0 giant club
              (5 damage)
             ... on level 3 of the Dungeon.
             The game lasted 00:02:43 (1484 turns).

nikopol the Shield-Bearer (Gargoyle Fighter)        Turns: 1484, Time: 00:02:43

Health: -1/29      AC: 10    Str: 19    XL:     4   Next: 62%
Magic:  4/4        EV:  7    Int:  9    God:
Gold:   135        SH:  9    Dex: 10    Spells: 3/3 levels left

rFire    . . .     SeeInvis .   a - +0 flail
rCold    . . .     Gourm    .   c - +0 shield
rNeg     + . .     Faith    .   b - +0 scale mail
rPois    ∞         Spirit   .   (no helmet)
rElec    +         Reflect  .   (no cloak)
rCorr    .         Harm     .   (no gloves)
MR       .....                  (no boots)
Stlth    ..........             (no amulet)
HPRegen  0.09/turn              (no ring)
MPRegen  0.09/turn              (no ring)

@: no status effects
A: negative energy resistance 1, electricity resistance, unbreathing,
petrification resistance, rot immunity, AC +3
a: no special abilities


You were on level 3 of the Dungeon.
You were not hungry.

You visited 1 branch of the dungeon, and saw 3 of its levels.

You collected 135 gold pieces.

Inventory:

Hand Weapons
 a - a +0 flail (weapon)
Armour
 b - a +0 scale mail (worn)
 c - a +0 shield (worn)
Scrolls
 e - 3 scrolls of fear {unknown}
 g - 2 scrolls of teleportation {unknown}
 j - 2 scrolls of fog {unknown}
 k - 2 scrolls of identify {unknown}
Potions
 d - a potion of might
 h - a potion of mutation {unknown}
 l - a potion of curing {unknown}
Comestibles
 f - 4 rations
 i - 4 chunks of flesh


   Skills:
 + Level 3.8 Fighting
 + Level 3.2 Maces & Flails
 + Level 3.7 Armour
 + Level 0.8 Dodging
 + Level 3.9 Shields


You had 3 spell levels left.
You didn't know any spells.

Dungeon Overview and Level Annotations

Branches:
Dungeon (3/15)

Altars:
Makhleb
Yredelemnul


Innate Abilities, Weirdness & Mutations

You are resistant to torment.
Your stone body is resilient. (AC +3)
You are immune to poison.
You resist negative energy. (rN+)
You are resistant to electric shocks. (rElec)
You can survive without breathing.
You are immune to petrification.
You are immune to rotting.


Message History

You barely miss the ogre.
The ogre is moderately wounded.
The ogre hits you but does no damage.
You hit the ogre but do no damage.
The ogre is moderately wounded.
The ogre hits you with a giant club.
You hit the ogre.
The ogre is moderately wounded.
The ogre closely misses you.
You closely miss the ogre.
The ogre is moderately wounded.
The ogre barely misses you.
You barely miss the ogre.
The ogre is moderately wounded.
The ogre hits you with a giant club!
* * * LOW HITPOINT WARNING * * *
You sock the ogre!
The ogre is severely wounded.
The ogre hits you with a giant club.
You die...

.# ####.....##..#
#(##...##.###
#)##.#......#
####)##.#####..###
#........#####...#
#...........##...#
#..............######
####....<......###
#.≈.≈...@O.≈..#
#≈....≈.....≈≈#
#≈≈≈≈≈≈≈≈≈≈≈≈.#
#≈.≈≈≈≈≈≈≈≈≈..#
#.≈≈≈≈≈≈≈≈≈≈≈≈#
≈≈≈≈≈♣.≈≈≈≈..#
.≈≈≈≈._♣≈≈≈.≈#
..≈≈≈≈≈≈≈≈≈≈.#
≈≈≈≈≈≈≈≈..#


You could see an ogre.

Vanquished Creatures
  2 adders (D:2)
  2 dart slugs (D:1)
  4 leopard geckos
  2 ball pythons (D:1)
  6 bats
  5 hobgoblins
  12 jackals
  A quokka (D:3)
  6 frilled lizards
  12 goblins
  4 kobolds
  7 rats
  A spectral orc (D:2)
64 creatures vanquished.

Notes
Turn   | Place    | Note
-------+----------+-------------------------------------------
     0 | D:1      | nikopol the Gargoyle Fighter began the quest for the Orb.
     0 | D:1      | Reached XP level 1. HP: 14/14 MP: 1/1
   226 | D:1      | Reached XP level 2. HP: 16/19 MP: 2/2
   391 | D:1      | Reached XP level 3. HP: 24/24 MP: 3/3
   737 | D:2      | Found a basalt altar of Yredelemnul.
   851 | D:2      | Reached XP level 4. HP: 26/29 MP: 4/4
  1194 | D:2      | Found a burning altar of Makhleb.
  1465 | D:3      | Found a faded altar of an unknown god.
  1468 | D:3      | Noticed an ogre
  1484 | D:3      | Slain by an ogre

Skill      XL: |  1  2  3  4 |
---------------+-------------+-----
Maces & Flails | 3 |  3.2
Fighting       | |  3.8
Armour         | |  3.7
Dodging        | |  0.8
Shields        | |  3.9

Action                   |  1- 3 |  4- 6 || total
-------------------------+-------+-------++-------
Melee: Flail             |   144 |    84 ||   228
  Eat: Chunk             |       |     2 ||     2
Armor: Scale mail        |   131 |    56 ||   187
Dodge: Dodged            |    76 |    26 ||   102
Block: Shield            |    98 |    50 ||   148
